 Dungeon Crawl Stone Soup version 0.29.1-1-gd02db6906a (webtiles) character file.

Game seed: 2623701454875919159

9 safid the Shooter (level 2, -2/26 HPs)
             Began as a Minotaur Hunter on Oct 21, 2022.
             Slain by a quokka (4 damage)
             ... on level 1 of the Dungeon.
             The game lasted 00:00:34 (146 turns).

safid the Shooter (Minotaur Hunter)                  Turns: 146, Time: 00:00:35

Health: -2/26      AC:  3    Str: 15    XL:     2   Next: 6%
Magic:  1/1        EV: 12    Int:  6    God:
Gold:   15         SH:  0    Dex: 13    Spells: 1/1 levels left

rFire   . . .      SeeInvis .   a - +0 shortbow
rCold   . . .      Faith    .   (shield currently unavailable)
rNeg    . . .      Spirit   .   c - +0 leather armour
rPois   .          Reflect  .   (helmet restricted)
rElec   .          Harm     .   (no cloak)
rCorr   .          Rampage  .   (no gloves)
Will    .....                   (no boots)
Stlth   +.........              (no amulet)
HPRegen 0.08/turn               (no ring)
MPRegen 0.07/turn               (no ring)

@: no status effects
A: horns 2, retaliatory headbutt
a: no special abilities


You were on level 1 of the Dungeon.
You visited 1 branch of the dungeon, and saw 1 of its levels.

You collected 15 gold pieces.

Inventory:

Hand Weapons
 a - a +0 shortbow (weapon)
Armour
 c - a +0 leather armour (worn)
Scrolls
 b - a scroll of immolation


   Skills:
 - Level 3.0 Fighting
 + Level 4.7 Ranged Weapons
 - Level 2.1 Dodging
 - Level 0.7 Stealth


You had one spell level left.
You didn't know any spells.
Your spell library was empty.

Dungeon Overview and Level Annotations

Branches:
Dungeon (1/15)

Altars:

Shops:
D:1 (


Innate Abilities, Weirdness & Mutations

You have a pair of horns on your head.
You reflexively headbutt those who attack you in melee.


Message History

Aim: a goblin, wielding a +3 dagger (almost dead, 53% to hit)
You shoot an arrow. The arrow barely misses the goblin.
The arrow hits the quokka but does no damage.
The quokka is moderately wounded.
The goblin hits you but does no damage.
Fire: a) +0 shortbow
Press: ? - help, Q - select action Shift-Dir - straight line, f/p - goblin
Aim: a goblin, wielding a +3 dagger (almost dead, 53% to hit)
You shoot an arrow. The arrow hits the goblin!
You kill the goblin!
Training target 3.0 for Fighting reached!
Your Fighting skill increases to level 3!
Fire: a) +0 shortbow
Press: ? - help, Q - select action Shift-Dir - straight line, f - quokka
Aim: a quokka (moderately wounded, 50% to hit)
You shoot an arrow. The arrow hits the quokka.
The quokka is severely wounded.
The quokka bites you but does no damage.
The quokka bites you.
* * * LOW HITPOINT WARNING * * *
Fire: a) +0 shortbow
Press: ? - help, Q - select action Shift-Dir - straight line, f/p - quokka
Aim: a quokka (severely wounded, 50% to hit)
You shoot an arrow.
The arrow hits the quokka but does no damage.
The quokka is severely wounded.
The quokka closely misses you.
Fire: a) +0 shortbow
Press: ? - help, Q - select action Shift-Dir - straight line, f/p - quokka
Aim: a quokka (severely wounded, 50% to hit)
You shoot an arrow. The arrow completely misses the quokka.
The quokka closely misses you. x2
Unknown command.
Fire: a) +0 shortbow
Press: ? - help, Q - select action Shift-Dir - straight line, f/p - quokka
Aim: a quokka (severely wounded, 50% to hit)
You shoot an arrow. The arrow hits the quokka.
The quokka is almost dead.
The quokka bites you.
You die...

....###.#.'.#.##.#.#.#.#
..>..J#.#.#.#....#.#.#.#
....###.#.#.#.#<.#.#.#.#
.. ##.#.#.#.####.#.#.#
##.#.#.#......#.#.# ..
##.#.#.########.#.#
....###†#.#..........#.#
.......#.#.#'##########.#
.....###@#..............#
#....###r################
#..)....[..........#..
#.?)....[..........#..
#.######..........##.. #.
#.#.......## . #
..........# ##.#.##.####
∩.


You could see a quokka.

Vanquished Creatures
  A dart slug (D:1)
  A goblin (D:1)
  A hobgoblin (D:1)
  A ball python (D:1)
  3 kobolds (D:1)
7 creatures vanquished.

Notes
Turn   | Place    | Note
-------+----------+-------------------------------------------
     0 | D:1      | safid the Minotaur Hunter began the quest for the Orb.
     0 | D:1      | Reached XP level 1. HP: 18/18 MP: 0/0
   118 | D:1      | Found Zet Egit's Antique Weapon Boutique.
   137 | D:1      | Reached XP level 2. HP: 9/25 MP: 1/1
   146 | D:1      | Slain by a quokka

Illustrated notes

Levels and vault maps discovered:
D:1:      zelgadis_glass_arrival_large, layout_rooms, serial_shops, shop,
          dreamdust_ecumenical_altar_drowned_temple

Skill      XL: |  1  2 |
---------------+-------+-----
Fighting       | 3 |  3.0
Ranged Weapons | |  4.7
Dodging        | |  2.1
Stealth        | |  0.7

Action                   || total
-------------------------++-------
 Fire: Shortbow          ||    33
Armor: Leather armour    ||     7
Dodge: Dodged            ||    17
